 Dungeon Crawl Stone Soup version 0.23.1 (webtiles) character file.

Game seed: 7628898119603853773

88 Borgoz the Skirmisher (level 4, -1/40 HPs)
             Began as a Ghoul Monk on Mar 17, 2019.
             Slain by a gnoll
             ... wielding a +0 halberd
              (2 damage)
             ... on level 3 of the Dungeon.
             The game lasted 00:03:54 (2019 turns).

Borgoz the Skirmisher (Ghoul Monk)                  Turns: 2019, Time: 00:03:55

Health: -1/40      AC:  6    Str: 11 (14) XL:     4   Next: 53%
Magic:  0/3        EV: 11    Int:  3 (6)  God:
Gold:   137        SH:  0    Dex:  9 (11) Spells: 3/3 levels left

rFire    . . .     SeeInvis .   a - +1 short sword
rCold    + . .     Gourm    .   (no shield)
rNeg     + + +     Faith    .   f - +0 ring mail
rPois    ∞         Spirit   +   (no helmet)
rElec    .         Reflect  .   e - scarf {Spirit}
rCorr    .         Harm     .   g - +0 pair of gloves
MR       .....                  (no boots)
Stlth    +.........             (no amulet)
HPRegen  0.00/turn              (no ring)
MPRegen  0.08/turn              (no ring)

@: rotting, hasted, very quick
A: rotting body, claws 1, carnivore, cold resistance 1, negative energy
resistance 3, inhibited regeneration, torment resistance, unbreathing
a: no special abilities


You were on level 3 of the Dungeon.
You were not hungry.

You visited 1 branch of the dungeon, and saw 3 of its levels.

You collected 137 gold pieces.

Inventory:

Hand Weapons
 a - a +1 short sword (weapon)
Armour
 e - a scarf of spirit shield (worn)
 f - a +0 ring mail (worn)
 g - a +0 pair of gloves (worn)
Scrolls
 d - a scroll of magic mapping
Potions
 b - a potion of haste
 h - a potion of cancellation
Comestibles
 c - 8 rations


   Skills:
 + Level 3.7 Fighting
 * Level 3.3 Short Blades
 * Level 1.4 Armour
 * Level 3.3 Dodging
 + Level 2.6 Stealth


You had 3 spell levels left.
You didn't know any spells.
Your spell library was empty.

Dungeon Overview and Level Annotations

Branches:
Dungeon (3/15)

Altars:
Elyvilon
Qazlal


Innate Abilities, Weirdness & Mutations

Your body is rotting away.
You thrive on raw meat.
You are immune to poison.
You have sharp fingernails.
You are carnivorous and can eat meat at any time.
Your flesh is cold resistant. (rC+)
You are immune to negative energy. (rN+++)
You do not regenerate when monsters are visible.
You are immune to unholy pain and torment.
You can survive without breathing.


Message History

The gnoll barely misses you. The jackal closely misses you.
The gnoll hits you from afar with a +0 halberd!
You hit the gnoll but do no damage. The gnoll closely misses you.
You hit the gnoll.
The gnoll is lightly wounded.
The jackal bites you but does no damage.
The gnoll hits you but does no damage. The gnoll closely misses you.
The gnoll hits you from afar with a +0 halberd!
* * * LOW HITPOINT WARNING * * *
You hit the gnoll.
The gnoll is lightly wounded.
The jackal bites you.
* * * LOW HITPOINT WARNING * * *
The gnoll hits you with a +0 whip.
* * * LOW HITPOINT WARNING * * *
You barely miss the gnoll.
The gnoll is lightly wounded.
The jackal closely misses you. The gnoll barely misses you.
The gnoll hits you from afar with a +0 halberd.
You die...

,,,,,,,.#####.#.........#,*,* *,,
,,,,,,,.......#.........#,*,* *,,
+******#.........!..#+#.#,*,* *,,
,,,,,,,.............#.#.#,*,* *,,
,,,,,,,#.............†..#,*,* **,
,,,,,,,#..........w##.###,*,****,
,,,,,,,###.####g#.......,,*,,,**,
,,,,,,,* #,* #h#####.###****,**,
,,,,,,,* *,* #.@gg.....,,,,,,**,
,,,,,,,* *,* #######.##********,
,,,,,,,* *,* *.# *, ,,,,,,,* *,*
*.# *, ,,,,,,,* *,* *,* *,
,,,,,,,* *,* *,* *, ,,,,,,,*
*,**********,* *, ,,,,,,,*
*,,,,,,,,,,,,* ** ********
**************


You could see 3 gnolls and a jackal.

Vanquished Creatures
  2 adders
  3 worms (D:2)
  3 dart slugs (D:1)
  A leopard gecko (D:2)
  A ball python (D:3)
  3 giant cockroaches
  7 goblins
  7 hobgoblins
  7 jackals (D:2)
  5 kobolds
  A quokka (D:2)
  7 bats
  A frilled lizard (D:1)
  3 rats
51 creatures vanquished.

Notes
Turn   | Place    | Note
-------+----------+-------------------------------------------
     0 | D:1      | Borgoz the Ghoul Monk began the quest for the Orb.
     0 | D:1      | Reached XP level 1. HP: 19/19 MP: 0/0
   197 | D:1      | Reached XP level 2. HP: 26/26 MP: 1/1
   383 | D:1      | Reached XP level 3. HP: 31/31 MP: 2/2
   936 | D:2      | Reached skill level 1 in Armour
  1082 | D:2      | Found a stormy altar of Qazlal.
  1452 | D:2      | Reached XP level 4. HP: 26/39 MP: 1/3
  1900 | D:3      | Found a white marble altar of Elyvilon.
  2018 | D:3      | HP: 1/40 [gnoll/+0 whip (2)]
  2019 | D:3      | Slain by a gnoll

Skill      XL: |  1  2  3 |
---------------+----------+-----
Short Blades   | 3 |  3.3
Dodging        | 3 |  3.3
Armour         | 1 |  1.4
Fighting       | |  3.7
Stealth        | |  2.6

Action                   |  1- 3 |  4- 6 || total
-------------------------+-------+-------++-------
Melee: Short sword       |   184 |    68 ||   252
  Use: Potion            |     3 |     3 ||     6
       Scroll            |     1 |     3 ||     4
 Stab: Sleeping          |       |     1 ||     1
  Eat: Chunk             |     6 |     8 ||    14
Armor: Robe              |     7 |       ||     7
       Ring mail         |    53 |    40 ||    93
Dodge: Dodged            |   102 |    75 ||   177
